 Dungeon Crawl Stone Soup version 0.23.1-37-gaa34b87 (webtiles) character file.

Game seed: 12453371752403328666

3412 arctice the Covert (level 10, -9/66 HPs)
             Began as an Octopode Fighter on Mar 24, 2019.
             Was a Follower of Dithmenos.
             Mangled by a two-headed ogre
             ... wielding a +0 giant spiked club
              (23 damage)
             ... on level 8 of the Dungeon.
             The game lasted 00:22:33 (8409 turns).

arctice the Covert (Octopode Fighter)               Turns: 8409, Time: 00:22:34

Health: -9/66      AC:  1    Str: 17    XL:     10   Next: 4%
Magic:  10/10      EV: 14    Int: 10    God:    Dithmenos [*.....]
Gold:   381        SH: 10    Dex: 14    Spells: 8/9 levels left

rFire    + . .     SeeInvis +   a - +0 rapier
rCold    . . .     Gourm    .   b - +0 shield
rNeg     . . .     Faith    .   (helmet restricted)
rPois    .         Spirit   .   (no amulet)
rElec    .         Reflect  .   r - ring of protection from magic
rCorr    .         Harm     .   u - ring of protection from fire
MR       +....                  x - ring of see invisible
Stlth    +++++++...             (no ring)
HPRegen  0.21/turn              (no ring)
MPRegen  0.12/turn              (no ring)
                                (no ring)
                                (no ring)

@: wreathed by umbra
A: almost no armour, stealthy swim, amphibious, 8 rings, constrict 8, camouflage
1, gelatinous body 1
a: Renounce Religion


You were on level 8 of the Dungeon.
You worshipped Dithmenos.
Dithmenos was aware of your devotion.
You were hungry.

You visited 2 branches of the dungeon, and saw 9 of its levels.

You collected 381 gold pieces.

Inventory:

Hand Weapons
 a - a +0 rapier (weapon)
Missiles
 B - 8 tomahawks (quivered)
Armour
 b - a +0 shield (worn)
Jewellery
 r - a ring of protection from magic (left tentacle)
 u - a ring of protection from fire (right tentacle)
 x - a ring of see invisible (on tentacle)
Wands
 k - a wand of scattershot (6)
 o - a wand of flame (32)
 p - a wand of paralysis (7)
 s - a wand of polymorph (4)
 C - a wand of enslavement (9)
Scrolls
 e - 4 scrolls of magic mapping {unknown}
 f - 4 scrolls of amnesia
 g - 5 scrolls of teleportation
 h - 9 scrolls of identify
 i - 5 scrolls of remove curse
 n - 2 scrolls of immolation {unknown}
 y - a scroll of vulnerability {unknown}
 A - a scroll of noise {unknown}
Potions
 c - a potion of might
 j - 2 potions of curing
 l - 2 potions of agility {unknown}
 m - a potion of haste {unknown}
 q - a potion of berserk rage {unknown}
 t - a potion of resistance {unknown}
 v - a potion of brilliance {unknown}
 w - a potion of magic {unknown}
 z - a potion of degeneration {unknown}
Comestibles
 d - 14 rations


   Skills:
 + Level 5.2 Fighting
 + Level 7.3 Short Blades
 - Level 5.4 Dodging
 * Level 12.0 Stealth
 + Level 6.1 Shields


You had 8 spell levels left.
You knew the following spells:

 Your Spells              Type           Power        Failure   Level  Hunger
a - Summon Small Mammal   Summ           #...         75%         1    ##.....

Your spell library contained the following spells:

 Spells                   Type           Power        Failure   Level  Hunger
 Animate Skeleton         Necr           N/A          75%         1    ##.....
 Apportation              Tloc           #.....       75%         1    ##.....
 Confusing Touch          Hex            #.....       75%         1    ##.....
 Infusion                 Chrm           #...         75%         1    ##.....
 Shroud of Golubria       Chrm/Tloc      #.........   87%         2    ###....
 Song of Slaying          Chrm           #.......     87%         2    ###....
 Regeneration             Chrm/Necr      #.........   98%         3    ####...
 Spectral Weapon          Hex/Chrm       #.......     98%         3    ####...


Dungeon Overview and Level Annotations

Branches:
Dungeon (8/15)             Temple (1/1) D:4
   Lair: D:8-11

Altars:
Cheibriados
Dithmenos
Elyvilon
Fedhas
Gozag
Hepliaklqana
Kikubaaqudgha
Makhleb
Nemelex Xobeh
Okawaru
Ru
Sif Muna
Uskayaw
Vehumet

Shops:
D:7 :


Innate Abilities, Weirdness & Mutations

You cannot wear most types of armour.
You are very stealthy in the water. (Stealth+)
You are amphibious.
You can wear up to eight rings at the same time.
You can use your tentacles to constrict eight enemies at once.
Your skin changes colour to match your surroundings (Stealth+).
Your rubbery body absorbs attacks. (AC +1, EV +1)


Message History

You hit the two-headed ogre.
The two-headed ogre is lightly wounded.
The two-headed ogre barely misses you.
The two-headed ogre hits you with a +0 giant spiked club!
You hit the two-headed ogre. You squeeze the two-headed ogre!
The two-headed ogre is moderately wounded.
You block the two-headed ogre's attack.
The two-headed ogre hits you with a +0 giant spiked club!!
You closely miss the two-headed ogre. You squeeze the two-headed ogre.
The two-headed ogre is moderately wounded.
The phantom blinks!
You hit the two-headed ogre.
The two-headed ogre is moderately wounded.
You block the two-headed ogre's attack. The two-headed ogre closely misses you.
You puncture the two-headed ogre! You squeeze the two-headed ogre.
The two-headed ogre is heavily wounded.
The two-headed ogre hits you with a +0 giant spiked club!!
* * * LOW HITPOINT WARNING * * *
The two-headed ogre hits you with a +0 giant spiked club!!
You die...

##+### #. #....# ###...
#....# ...... #####....##.
...... #...........
......###########.####.####.
..........................#.
....<...###.###........##.#.
...ยง....W.O@........#.......
..##...###.###........##...
#...# #.# #######..#....
o.....# #.# #...##.##
#o##..## #.# ####.....## ..
... ... .......<... # ##..
#.# .###....... #.. ..#
#.#.#.#. ##. #.#.#...


You could see a two-headed ogre and a phantom.

Vanquished Creatures
  Pikel (D:6)
  Prince Ribbit (D:5)
  Grinder (D:3)
  Sigmund (D:4)
  Eustachio (D:4)
  Menkaure (D:5)
  A water moccasin (D:6)
  2 ice beasts (D:5)
  3 sky beasts
  3 ogres
  2 phantoms
  A centaur (D:7)
  A scorpion (D:6)
  A wyvern skeleton (D:7)
  7 killer bees (D:7)
  A howler monkey (D:6)
  3 crimson imps
  A hound (D:7)
  A jelly (D:5)
  Ijyb (D:4)
  5 worker ants
  2 killer bee zombies (D:7)
  A hound skeleton (D:7)
  A worker ant zombie (D:4)
  4 gnolls (D:4)
  A howler monkey skeleton (D:6)
  4 adders
  A shadow imp (D:7)
  5 worms
  3 dart slugs
  6 leopard geckos
  13 orcs
  10 giant cockroaches
  10 goblins
  15 hobgoblins
  10 jackals
  6 kobolds
  2 quokkas
  7 bats
  4 frilled lizards
  2 quokka skeletons
  A quokka zombie (D:8)
  7 rats
154 creatures vanquished.

Vanquished Creatures (others)
  A slave (D:6)
  A bullfrog skeleton (D:6)
  A worker ant (D:6)
  A shadow imp (D:6)
  A ball python zombie (D:6)
5 creatures vanquished.

Grand Total: 159 creatures vanquished

Notes
Turn   | Place    | Note
-------+----------+-------------------------------------------
     0 | D:1      | arctice the Octopode Fighter began the quest for the Orb.
     0 | D:1      | Reached XP level 1. HP: 16/16 MP: 1/1
    25 | D:1      | Reached XP level 2. HP: 12/21 MP: 2/2
   369 | D:1      | Reached XP level 3. HP: 26/26 MP: 3/3
   883 | D:1      | Found an opulent altar of Gozag.
  1247 | D:2      | Reached XP level 4. HP: 27/31 MP: 4/4
  2076 | D:3      | Reached skill level 1 in Stealth
  2084 | D:3      | Reached XP level 5. HP: 17/36 MP: 5/5
  2389 | D:3      | Found a radiant altar of Vehumet.
  2397 | D:3      | Found a snail-covered altar of Cheibriados.
  2539 | D:3      | Noticed Grinder
  2548 | D:3      | Killed Grinder
  2548 | D:3      | Reached skill level 2 in Stealth
  2548 | D:3      | Reached XP level 6. HP: 13/43 MP: 6/6
  2913 | D:4      | Noticed Sigmund
  2924 | D:4      | Noticed a phantom
  2932 | D:4      | Reached skill level 3 in Stealth
  2968 | D:4      | Killed a phantom
  2968 | D:4      | Reached XP level 7. HP: 17/47 MP: 7/7
  3153 | D:4      | Noticed Ijyb
  3164 | D:4      | Killed Ijyb
  3246 | D:4      | Reached skill level 4 in Stealth
  3268 | D:4      | Reached skill level 5 in Short Blades
  3554 | D:4      | Found a staircase to the Ecumenical Temple.
  3567 | Temple   | Entered the Ecumenical Temple
  3605 | Temple   | Became a worshipper of Dithmenos the Shadowed
  3705 | D:4      | Killed Sigmund
  3705 | D:4      | Reached skill level 5 in Dodging
  3772 | D:4      | Reached XP level 8. HP: 54/54 MP: 8/8
  3806 | D:4      | Identified the +6 scale mail of the Insatiable Yaks {rC+
                  | Str+4 Int-3}
  3810 | D:4      | Noticed Eustachio
  3829 | D:4      | Killed Eustachio
  3943 | D:4      | Found an opulent altar of Gozag.
  4042 | D:5      | Entered Level 5 of the Dungeon
  4057 | D:5      | Reached skill level 5 in Stealth
  4284 | D:5      | Noticed Prince Ribbit
  4298 | D:5      | Killed Prince Ribbit
  4644 | D:5      | Noticed Menkaure
  4690 | D:6      | Found a white marble altar of Elyvilon.
  4744 | D:6      | Reached skill level 6 in Stealth
  4757 | D:6      | Reached skill level 5 in Fighting
  4918 | D:6      | Reached XP level 9. HP: 61/61 MP: 9/9
  5020 | D:6      | Reached skill level 7 in Stealth
  5033 | D:6      | Noticed Pikel
  5047 | D:6      | Killed Pikel
  5047 | D:6      | Reached skill level 8 in Stealth
  5047 | D:6      | Reached skill level 5 in Shields
  5535 | D:6      | Reached skill level 9 in Stealth
  5806 | D:6      | Found an ancient bone altar of Kikubaaqudgha.
  5806 | D:6      | Found a blossoming altar of Fedhas.
  5838 | D:6      | Learned a level 1 spell: Summon Small Mammal
  6512 | D:5      | Killed Menkaure
  6587 | D:5      | You fall through a shaft!
  6784 | D:7      | Reached skill level 10 in Stealth
  7249 | D:7      | Reached skill level 11 in Stealth
  7428 | D:7      | Reached * piety under Dithmenos
  7693 | D:7      | Found Vyhau's Book Boutique.
  7717 | D:7      | Found a white marble altar of Elyvilon.
  8169 | D:7      | Reached XP level 10. HP: 66/66 MP: 10/10
  8275 | D:7      | Reached skill level 12 in Stealth
  8398 | D:8      | Noticed a two-headed ogre
  8409 | D:8      | Mangled by a two-headed ogre

Skill      XL: |  1  2  3  4  5  6  7  8  9 10 |
---------------+-------------------------------+-----
Short Blades   | 3 4 5 7 |  7.3
Stealth        | 1 2 3 4 6 11 12 | 12.0
Dodging        | 4 5 |  5.4
Fighting       | 4 5 |  5.2
Shields        | 4 6 |  6.1

Action                   |  1- 3 |  4- 6 |  7- 9 | 10-12 || total
-------------------------+-------+-------+-------+-------++-------
Melee: Rapier            |    91 |    96 |   236 |    13 ||   436
       Constrict         |    28 |    28 |    40 |     1 ||    97
       Tentacles         |    14 |    22 |    57 |     4 ||    97
  Use: Scroll            |       |       |     4 |       ||     4
       Potion            |       |       |     4 |       ||     4
 Stab: Sleeping          |     1 |     5 |    13 |     2 ||    21
  Eat: Chunk             |     1 |     5 |    10 |       ||    16
       Ration            |       |       |     2 |       ||     2
Armor: Skin              |    11 |     7 |     5 |       ||    23
Dodge: Dodged            |    51 |    29 |   115 |     4 ||   199
Block: Shield            |    52 |    31 |    90 |     6 ||   179
